 Dungeon Crawl Stone Soup version 0.30-a0-739-gea05faddec (webtiles) character file.

Game seed: 517314557597315205

15425 kingofthe the Cleaver (level 12, -7/97 HPs)
             Began as a Gnoll Chaos Knight on Feb 4, 2023.
             Was a Plaything of Xom.
             Killed from afar by a bog body (32 damage)
             ... with a bolt of cold
             ... on level 2 of the Lair of Beasts.
             The game lasted 00:47:02 (12429 turns).

kingofthe the Cleaver (Gnoll Chaos Knight)         Turns: 12429, Time: 00:47:02

Health: -7/97      AC: 30    Str: 12 (14) XL:     12   Next: 26%
Magic:  25/25      EV: -1    Int: 11 (12) God:    Xom [.*....]
Gold:   746        SH: 16    Dex: 20      Spells: 25/25 levels left

rFire   . . .      SeeInvis +    a - +3 spear (elec)
rCold   . . .      Faith    .    L - +0 tower shield
rNeg    . . .      Spirit   .    d - +3 crystal plate armour
rPois   .          Reflect  .    P - +0 helmet {SInv}
rElec   .          Harm     .    A - +2 cloak
rCorr   .          Rampage  .    h - +0 pair of gloves
Will    .....                    v - +0 pair of boots Stlth
                                 E - amulet of regeneration
HPRegen 1.16/turn                X - +4 ring of slaying
MPRegen 0.19/turn                G - +6 ring of dexterity

@: slowed, very slow
A: fangs 1, strong nose, distributed training, deterioration 1, high MP 1
a: Renounce Religion


You were on level 2 of the Lair of Beasts.
You worshipped Xom.
You were a plaything of Xom.
You visited 2 branches of the dungeon, and saw 14 of its levels.

You collected 746 gold pieces.

Inventory:

Hand Weapons
 a - a +3 spear of electrocution (weapon)
 b - the +0 falchion "Taxkibluto" {chaos, rPois Stlth+}
   (Xom gifted it to you on level 1 of the Lair of Beasts)

   rPois:     It protects you from poison.
   Stlth:     It makes you more stealthy.
Missiles
 O - a throwing net
Armour
 d - a +3 crystal plate armour (worn)
 h - a +0 pair of gloves (worn)
 v - a +0 pair of boots (worn)
 A - a +2 cloak (worn)
 B - a scarf of resistance
 K - a +1 scale mail of poison resistance
 L - a +0 tower shield (worn)
 P - a +0 helmet of see invisible (worn)
 Y - a +0 helmet of intelligence
Jewellery
 f - a ring of flight
 x - a ring of magical power
 z - an amulet of the acrobat
 D - a ring of protection from cold
 E - an amulet of regeneration (around neck)
 G - a +6 ring of dexterity (right hand)
 R - an amulet of reflection
 X - a +4 ring of slaying (left hand)
Wands
 m - a wand of charming (6)
 s - a wand of mindburst (15)
 F - a wand of roots (4)
 M - a wand of digging (6)
 Z - a wand of flame (47)
Scrolls
 e - 4 scrolls of identify
 i - 2 scrolls of amnesia
 j - a scroll of blinking
 l - 4 scrolls of enchant weapon
 o - a scroll of silence
 u - 7 scrolls of teleportation
 w - 5 scrolls of fear
 y - 3 scrolls of poison
 J - 4 scrolls of fog
 T - a scroll of immolation {unknown}
 W - a scroll of summoning {unknown}
Potions
 g - 3 potions of might
 k - a potion of haste {unknown}
 n - a potion of flight {unknown}
 p - 6 potions of curing
 r - 3 potions of mutation {unknown}
 t - a potion of berserk rage {unknown}
 C - 2 potions of brilliance {unknown}
 H - 3 potions of heal wounds
 N - a potion of ambrosia {unknown}
 S - a potion of resistance {unknown}
 U - 2 potions of cancellation
Miscellaneous
 c - a piece from Xom's chessboard (15/15) (quivered)
 q - a phial of floods


   Skills:
 + Level 9.9 Fighting
 + Level 7.4 Short Blades
 + Level 7.4 Long Blades
 + Level 9.9 Axes
 + Level 7.4 Maces & Flails
 + Level 7.4 Polearms
 + Level 7.4 Staves
 + Level 7.4 Ranged Weapons
 + Level 7.4 Throwing
 + Level 8.8 Armour
 + Level 7.9 Dodging
 + Level 7.4 Stealth
 + Level 7.4 Shields
 + Level 7.4 Unarmed Combat
 + Level 7.4 Spellcasting
 + Level 6.1 Conjurations
 + Level 6.1 Hexes
 + Level 6.1 Summonings
 + Level 6.1 Necromancy
 + Level 6.1 Translocations
 + Level 6.1 Transmutations
 + Level 6.1 Fire Magic
 + Level 6.1 Ice Magic
 + Level 6.1 Air Magic
 + Level 6.1 Earth Magic
 + Level 6.1 Poison Magic
 + Level 8.1 Invocations
 + Level 7.4 Evocations


You had 25 spell levels left.
You didn't know any spells.
Your spell library contained the following spells:

 Spells                   Type           Power      Damage    Failure   Level
 Sandblast                Erth           34%        2d9       100%        1
 Lesser Beckoning         Tloc           34%        N/A       100%        2
 Passwall                 Tmut/Erth      14%        N/A       100%        2
 Scorch                   Fire           34%        2d6       100%        2
 Call Canine Familiar     Summ           17%        N/A       100%        3
 Gell's Gravitas          Tloc           17%        N/A       100%        3
 Portal Projectile        Hex/Tloc       34%        N/A       100%        3
 Stone Arrow              Conj/Erth      34%        3d9       100%        3
 Teleport Other           Tloc           17%        N/A       100%        3
 Flame Wave               Conj/Fire      17%        2d7       100%        4
 Leda's Liquefaction      Hex/Erth       8%         N/A       100%        4
 Dispersal                Tloc           8%         N/A       100%        6
 Summon Cactus Giant      Summ           8%         N/A       100%        6


Dungeon Overview and Level Annotations

Branches:
Dungeon (12/15)            Temple (0/1) D:6            Lair (2/5) D:9
  Swamp (0/4) Lair:2
  Snake: Lair:2-3    Spider: Lair:2-3       Orc: D:9-12

Altars:
Ashenzari
Okawaru
Ru
Sif Muna
Uskayaw
Wu Jian
Xom

Annotations:
D:10 2 runed translucent doors, exclusion: orange crystal statue


Innate Abilities, Weirdness & Mutations

You have very sharp teeth.
Your uncanny sense of smell can sniff out nearby items.
Your experience applies equally to all skills.
Your body sometimes deteriorates upon taking damage.
You have an increased reservoir of magic. (+10% MP)


Message History

A bog body comes into view.
The bog body points at you and mumbles some strange words.
You resist with significant effort.
A bog body comes into view.
The bog body casts a spell at you. You resist with significant effort.
The bog body casts a spell at you.
The bolt of cold hits you but does no damage.
There is a fountain of clear blue water here.
The bog body gestures at you while chanting.
The bolt of cold hits you!
You reach to attack!
You puncture the bog body!
The bog body is moderately damaged.
You hit the bog body.
The bog body is moderately damaged.
You block the bog body's attack.
You barely miss the bog body.
The bog body is moderately damaged.
The bog body casts a spell at you.
You feel yourself slow down.
You barely miss the bog body.
The bog body is moderately damaged.
The bog body touches you. The bog body freezes you!!
Your body deteriorates!
You feel weakened.
The bog body points at you and mumbles some strange words.
The bolt of cold hits you!! The bog body touches you.
The bog body freezes you!!
* * * LOW HITPOINT WARNING * * *
The bog body casts a spell at you. You resist with significant effort.
You barely miss the bog body. You block the bog body's attack.
The bog body touches you but does no damage.
You puncture the bog body!
The bog body is heavily damaged.
The bog body points at you and mumbles some strange words.
You resist with significant effort. You block the bog body's attack.
The bog body gestures at you while chanting.
The bolt of cold hits you!!
You die...
Xom giggles madly!

* ,, *,,, ,,* ~.♣♣♣ ,
,,,,,* ♣~..~♣,, ,, , ,,,*
#.♣~..~♣ ,,, ,,,,,,*
.#####.♣~..~♣ ,,, * ,,,,, *
........♣≈♣.~ ,, , ,, ,,,,
.......♣♣..♣ ,... ,,,,,,,,,
........♣nn♣ ....,,, ,,,,,
........♣.@♣..... , ,,,,,,
.........⌠⌠......., ,, ,,,,
.................#,,*,,,,,,
####†..........##*, ,,,,,
#..†P.#......##,, ,,,,,,
#.....##......#,, ,,,,,,
#P.. #....†#.........,,
,,,,, ...##.............#.,
,, ,,,
#..#.>....##.......,,*
,,,,,


You could see 2 bog bodies.

Vanquished Creatures
  A two-headed ogre (D:8)
  A boulder beetle (D:11)
  Lodul (D:11)
  2 cyclopes
  2 black mambas
  2 elephants (Lair:1)
  An unseen horror (D:11)
  2 cane toads
  3 trolls
  A hornet (D:9)
  A shadow (D:10)
  2 wyverns
  12 yaks
  2 basilisks
  2 steam dragons
  6 water moccasins
  3 acid dragons
  3 ice beasts
  2 orc warriors (D:9)
  6 ogres
  4 centaurs
  6 wolves
  A lemure (D:8)
  A phantom (D:5)
  2 kobold brigands
  2 gnoll sergeants
  3 bullfrogs
  3 necrophages
  A scorpion (D:6)
  5 wights (D:7)
  10 killer bees
  3 howler monkeys
  4 jellies
  2 orc priests
  7 hounds
  Crazy Yiuf (D:2)
  10 iguanas
  10 orc wizards
  8 gnolls
  10 adders
  2 shadow imps
  2 ufetubi
  4 worms
  2 dart slugs
  27 orcs
  6 ball pythons
  10 endoplasms
  2 giant cockroaches
  3 goblins
  5 hobgoblins
  A jackal (D:5)
  3 quokkas
  6 bats
  A frilled lizard (D:2)
  13 kobolds
  A rat (D:3)
236 creatures vanquished.

Vanquished Creatures (collateral kills)
  A hydra (Lair:2)
  2 elephants (Lair:1)
  A wyvern (D:5)
  A yak (D:11)
  A water moccasin (Lair:2)
  2 ogres (D:11)
  A gnoll (D:3)
  An adder (D:5)
  2 orcs (D:5)
12 creatures vanquished.

Vanquished Creatures (others)
  13 fungi
  28 plants (Lair:2)
41 creatures vanquished.

Grand Total: 289 creatures vanquished

Notes
Turn   | Place    | Note
-------+----------+-------------------------------------------
     0 | D:1      | kingofthe the Gnoll Chaos Knight began the quest for the
                  | Orb.
     0 | D:1      | Reached XP level 1. HP: 23/23 MP: 1/1
   145 | D:1      | XOM: silly message
   338 | D:1      | XOM: butterfly on damage
   341 | D:1      | Reached XP level 2. HP: 20/29 MP: 2/2
   454 | D:1      | XOM: silly message
   862 | D:1      | XOM: god gift: chain mail {god gift}
   996 | D:2      | XOM: 1-stop teleportation journey
  1016 | D:2      | Reached XP level 3. HP: 35/35 MP: 2/4
  1044 | D:2      | Noticed Sigmund
  1053 | D:2      | XOM: cleaving
  1067 | D:2      | Sigmund changed into Sigmund the iguana
  1067 | D:2      | Noticed Sigmund
  1067 | D:2      | XOM: polymorph Sigmund -> Sigmund the iguana
  1075 | D:2      | XOM: enchant monster (good)
  1077 | D:2      | Killed Sigmund the iguana
  1078 | D:2      | Reached skill level 1 in Short Blades
  1078 | D:2      | Reached skill level 1 in Long Blades
  1078 | D:2      | Reached skill level 1 in Maces & Flails
  1078 | D:2      | Reached skill level 1 in Polearms
  1078 | D:2      | Reached skill level 1 in Staves
  1078 | D:2      | Reached skill level 1 in Ranged Weapons
  1078 | D:2      | Reached skill level 1 in Throwing
  1078 | D:2      | Reached skill level 1 in Stealth
  1078 | D:2      | Reached skill level 1 in Shields
  1078 | D:2      | Reached skill level 1 in Unarmed Combat
  1078 | D:2      | Reached skill level 1 in Spellcasting
  1078 | D:2      | Reached skill level 1 in Invocations
  1078 | D:2      | Reached skill level 1 in Evocations
  1093 | D:2      | XOM: summons 4 hostile shadow creatures
  1227 | D:2      | Reached XP level 4. HP: 38/41 MP: 5/5
  1232 | D:2      | XOM: 4-stop teleportation journey
  1313 | D:2      | Reached skill level 1 in Conjurations
  1313 | D:2      | Reached skill level 1 in Hexes
  1313 | D:2      | Reached skill level 1 in Summonings
  1313 | D:2      | Reached skill level 1 in Necromancy
  1313 | D:2      | Reached skill level 1 in Translocations
  1313 | D:2      | Reached skill level 1 in Transmutations
  1313 | D:2      | Reached skill level 1 in Fire Magic
  1313 | D:2      | Reached skill level 1 in Ice Magic
  1313 | D:2      | Reached skill level 1 in Air Magic
  1313 | D:2      | Reached skill level 1 in Earth Magic
  1313 | D:2      | Reached skill level 1 in Poison Magic
  1426 | D:2      | XOM: silly message
  1467 | D:2      | XOM: noise
  1941 | D:2      | Found a runed translucent door.
  1942 | D:2      | Noticed Crazy Yiuf
  2029 | D:2      | Killed Crazy Yiuf
  2030 | D:2      | Reached XP level 5. HP: 32/47 MP: 5/7
  2077 | D:2      | XOM: noise
  2140 | D:2      | XOM: noise
  2387 | D:3      | Reached XP level 6. HP: 53/53 MP: 8/8
  2442 | D:3      | XOM: potion effect (curing)
  2484 | D:3      | XOM: divination: detect items
  2485 | D:3      | XOM: enchant monster (good)
  2876 | D:3      | XOM: cloud trail
  2915 | D:3      | Reached skill level 5 in Armour
  3214 | D:3      | XOM: torment (28/53 hp)
  3344 | D:3      | XOM: 1-stop teleportation journey
  3362 | D:3      | XOM: divination: detect items
  3548 | D:3      | XOM: summons 2 hostile shadow creatures
  3925 | D:4      | XOM: 8-stop teleportation journey
  3933 | D:4      | Found a sacrificial altar of Ru.
  3954 | D:4      | XOM: noise
  3997 | D:4      | Noticed a water moccasin
  4011 | D:4      | Killed a water moccasin
  4012 | D:4      | Reached XP level 7. HP: 59/60 MP: 10/10
  4102 | D:4      | Found a hide-covered altar of Uskayaw.
  4105 | D:4      | Found an iron altar of Okawaru.
  4109 | D:4      | Found an ornate altar of the Wu Jian Council.
  4343 | D:5      | Entered Level 5 of the Dungeon
  4346 | D:4      | XOM: noise
  4446 | D:5      | XOM: silly message
  4513 | D:5      | Reached XP level 8. HP: 57/67 MP: 12/12
  4839 | D:5      | Noticed a wyvern
  4859 | D:5      | XOM: potion effect (brilliance)
  4864 | D:5      | XOM: potion effect (brilliance)
  4878 | D:5      | XOM: cast spell 'Summon Ice Beast'
  4879 | D:5      | Killed a wyvern
  5000 | D:5      | XOM: silly message
  5009 | D:5      | XOM: divination: detect items
  5146 | D:5      | XOM is BORED!
  5146 | D:5      | XOM: silly message
  5496 | D:5      | Identified a scroll of acquirement
  5496 | D:5      | Acquired a +2 crystal plate armour
  5590 | D:6      | Found a staircase to the Ecumenical Temple.
  5610 | D:6      | Reached XP level 9. HP: 73/73 MP: 14/14
  5897 | D:6      | XOM: potion effect (might)
  5956 | D:6      | XOM: silly message
  6036 | D:6      | Reached skill level 5 in Dodging
  6259 | D:6      | XOM: potion effect (might)
  6306 | D:6      | XOM is BORED!
  6306 | D:6      | XOM: noise
  6370 | D:7      | XOM: swap monsters
  6403 | D:7      | XOM: scenery: summon butterflies
  6502 | D:7      | Found a shimmering altar of Xom.
  6503 | D:7      | XOM: swap monsters
  6506 | D:7      | Reached skill level 5 in Invocations
  7028 | D:6      | XOM: give mutations
  7028 | D:6      | Gained mutation: You have an increased reservoir of magic.
                  | (+10% MP) [Xom's grace]
  7028 | D:6      | Gained mutation: Your mind is acute. (Int +4, Str/Dex -1)
                  | [Xom's grace]
  7028 | D:6      | Gained mutation: You expend magic power (3 MP) to
                  | strengthen your wands. [Xom's grace]
  7250 | D:8      | XOM: confuse monster(s)
  7267 | D:8      | Found a broken altar of Ashenzari.
  7386 | D:8      | XOM: 1-stop teleportation journey
  7392 | D:8      | Noticed a two-headed ogre
  7406 | D:8      | XOM: scenery: summon butterflies
  7412 | D:8      | Killed a two-headed ogre
  7413 | D:8      | Reached skill level 5 in Short Blades
  7413 | D:8      | Reached skill level 5 in Long Blades
  7413 | D:8      | Reached skill level 5 in Maces & Flails
  7413 | D:8      | Reached skill level 5 in Polearms
  7413 | D:8      | Reached skill level 5 in Staves
  7413 | D:8      | Reached skill level 5 in Ranged Weapons
  7413 | D:8      | Reached skill level 5 in Throwing
  7413 | D:8      | Reached skill level 5 in Stealth
  7413 | D:8      | Reached skill level 5 in Shields
  7413 | D:8      | Reached skill level 5 in Unarmed Combat
  7413 | D:8      | Reached skill level 5 in Spellcasting
  7413 | D:8      | Reached skill level 5 in Evocations
  7413 | D:8      | Reached XP level 10. HP: 62/82 MP: 19/19
  7481 | D:8      | Noticed Pikel
  7489 | D:8      | Pikel changed into Pikel the basilisk
  7489 | D:8      | Noticed Pikel
  7489 | D:8      | XOM: polymorph Pikel -> Pikel the basilisk
  7504 | D:8      | Killed Pikel the basilisk
  7620 | D:8      | XOM: scenery: create altars
  8360 | D:9      | XOM: enchant monster (bad)
  8366 | D:9      | Noticed a cyclops
  8368 | D:9      | XOM: swap monsters
  8371 | D:9      | XOM: noise
  8408 | D:9      | XOM: fog
  8409 | D:9      | XOM: summons 6 friendly demons
  8415 | D:9      | XOM: summons 4 friendly demons
  8417 | D:9      | Killed a cyclops
  8469 | D:9      | XOM: silly message
  8560 | D:9      | Found a staircase to the Lair.
  8747 | D:9      | Found a shimmering blue altar of Sif Muna.
  8864 | D:10     | Entered Level 10 of the Dungeon
  8939 | D:10     | XOM is BORED!
  8939 | D:10     | XOM: give mutations
  8939 | D:10     | Gained mutation: Your body sometimes deteriorates upon
                  | taking damage. [Xom's mischief]
  8939 | D:10     | Lost mutation: Your mind is acute. (Int +4, Str/Dex -1)
                  | [Xom's mischief]
  8939 | D:10     | Lost mutation: You expend magic power (3 MP) to strengthen
                  | your wands. [Xom's mischief]
  8955 | D:10     | XOM: confusion (+ monsters)
  8995 | Lair:1   | Entered Level 1 of the Lair of Beasts
  8999 | Lair:1   | Noticed a black mamba
  9051 | D:10     | XOM: noise
  9059 | D:10     | Reached skill level 5 in Conjurations
  9059 | D:10     | Reached skill level 5 in Hexes
  9059 | D:10     | Reached skill level 5 in Summonings
  9059 | D:10     | Reached skill level 5 in Necromancy
  9059 | D:10     | Reached skill level 5 in Translocations
  9059 | D:10     | Reached skill level 5 in Transmutations
  9059 | D:10     | Reached skill level 5 in Fire Magic
  9059 | D:10     | Reached skill level 5 in Ice Magic
  9059 | D:10     | Reached skill level 5 in Air Magic
  9059 | D:10     | Reached skill level 5 in Earth Magic
  9059 | D:10     | Reached skill level 5 in Poison Magic
  9059 | D:10     | Reached XP level 11. HP: 89/89 MP: 22/22
  9156 | D:10     | XOM: swap monsters
  9263 | D:10     | XOM: torment (46/89 hp)
  9362 | D:10     | XOM: stat loss: -1 Int (11/12)
  9495 | D:10     | Noticed an orange crystal statue
  9497 | D:10     | Found a runed translucent door.
  9498 | D:10     | Found the +10 tower shield of Ignorance {rN+ Int-4}
  9511 | D:10     | Found a runed translucent door.
  9958 | D:10     | XOM: summons 2 hostile demons
 10177 | D:11     | XOM: enchant monster (good)
 10191 | D:11     | XOM: polymorph ogre -> ice beast
 10205 | D:11     | XOM: summons friendly crimson imp
 10211 | D:11     | XOM: cast spell 'Summon Cactus Giant'
 10238 | D:11     | Noticed Lodul
 10430 | D:11     | Noticed a boulder beetle
 10447 | D:11     | XOM: scenery: 3 doors open
 10451 | D:11     | XOM: summons friendly white imp
 10481 | D:11     | Killed Lodul
 10488 | D:11     | Killed a boulder beetle
 10767 | D:11     | XOM: confuse monster(s)
 10796 | D:11     | Noticed a cyclops
 10806 | D:11     | Killed a cyclops
 10890 | D:11     | XOM: enchant monster (bad)
 11357 | Lair:1   | XOM: 1-stop teleportation journey
 11371 | Lair:1   | XOM: scenery: 1 doors close
 11379 | Lair:1   | XOM: summons 3 friendly demons
 11387 | Lair:1   | XOM: potion effect (curing)
 11463 | Lair:1   | XOM: scenery: summon butterflies
 11706 | Lair:1   | XOM: enchant monster (bad)
 11721 | Lair:1   | Reached XP level 12. HP: 50/97 MP: 24/24
 11806 | Lair:1   | XOM: god gift: slimy falchion {god gift}
 11806 | Lair:1   | Identified the +0 falchion "Taxkibluto" {chaos, rPois
                  | Stlth+} (Xom gifted it to you on level 1 of the Lair of
                  | Beasts)
 12020 | Lair:2   | XOM: noise
 12021 | Lair:2   | Noticed a seven-headed hydra
 12081 | Lair:1   | XOM: silly message
 12208 | Lair:2   | Noticed an eight-headed hydra
 12209 | Lair:2   | XOM: scenery: summon butterflies
 12222 | Lair:2   | XOM: divination: magic mapping
 12343 | Lair:2   | XOM: cast spell 'Call Canine Familiar'
 12348 | Lair:2   | Killed a seven-headed hydra
 12429 | Lair:2   | Killed from afar by a bog body

Illustrated notes

Levels and vault maps discovered:
D:1:      psy_arrival_terrarium, layout_basic, minivault_27
D:2:      layout_basic, minmay_split_cup_large, uniq_crazy_yiuf_cottage,
          uniq_sigmund
D:3:      layout_basic, roderic_three_in_a_row, minmay_misc_feat_columns
D:4:      layout_gridville, nicolae_ru_path_of_blood,
          grunt_temple_overflow_diamond
D:5:      layout_basic, cheibrodos_sewer_entry_drain, nzn_random_ring
D:6:      layout_basic, minmay_temple_entry_junction,
          nicolae_elevator_lobby_asterisk
D:7:      layout_cave_pools, mainiacjoe_overflow_brackets
D:8:      layout_loops_corners, nicolae_overflow_hidden_temple, minivault_5,
          uniq_pikel
D:9:      layout_rooms, kennysheep_orc_sif_temple, lair_entry_dummy
D:10:     layout_loops_corners, chequers_guarded_unrand_ignorance
D:11:     nicolae_cairo_tiling, layout_irregular_city, hive_lemuel, uniq_lodul
D:12:     layout_stronghold, erik_orc_4, uniq_frances
Lair:1:   layout_regular_city, lemuel_fruit_tree
Lair:2:   layout_regular_city, nicolae_swamp_entry_splash_gauntlet,
          minmay_snake_entry_six_corridors, roderic_carrion_pond

Skill      XL: |  1  2  3  4  5  6  7  8  9 10 11 12 |
---------------+-------------------------------------+-----
Short Blades   | 1 2 3 5 6 7 |  7.4
Long Blades    | 1 2 3 5 6 7 |  7.4
Maces & Flails | 1 2 3 5 6 7 |  7.4
Polearms       | 1 2 3 5 6 7 |  7.4
Staves         | 1 2 3 5 6 7 |  7.4
Ranged Weapons | 1 2 3 5 6 7 |  7.4
Throwing       | 1 2 3 5 6 7 |  7.4
Stealth        | 1 2 3 5 6 7 |  7.4
Shields        | 1 2 3 5 6 7 |  7.4
Unarmed Combat | 1 2 3 5 6 7 |  7.4
Spellcasting   | 1 2 3 5 6 7 |  7.4
Invocations    | 1 2 3 4 5 6 7 8 |  8.1
Evocations     | 1 2 3 5 6 7 |  7.4
Conjurations   | 1 2 3 4 5 6 |  6.1
Hexes          | 1 2 3 4 5 6 |  6.1
Summonings     | 1 2 3 4 5 6 |  6.1
Necromancy     | 1 2 3 4 5 6 |  6.1
Translocations | 1 2 3 4 5 6 |  6.1
Transmutations | 1 2 3 4 5 6 |  6.1
Fire Magic     | 1 2 3 4 5 6 |  6.1
Ice Magic      | 1 2 3 4 5 6 |  6.1
Air Magic      | 1 2 3 4 5 6 |  6.1
Earth Magic    | 1 2 3 4 5 6 |  6.1
Poison Magic   | 1 2 3 4 5 6 |  6.1
Dodging        | 3 4 5 6 7 |  7.9
Armour         | 5 6 7 8 |  8.8
Fighting       | 7 8 9 |  9.9
Axes           | 7 8 9 |  9.9

Action                     |  1- 3 |  4- 6 |  7- 9 | 10-12 || total
---------------------------+-------+-------+-------+-------++-------
  Melee: Hand axe          |    79 |    47 |       |       ||   126
         Bite              |     5 |    18 |    57 |    67 ||   147
         Punch             |     1 |     1 |       |       ||     2
         Quarterstaff      |       |    64 |       |       ||    64
         Spear             |       |    48 |   446 |   492 ||   986
         Falchion          |       |       |       |    36 ||    36
  Evoke: Wand              |       |       |       |     3 ||     3
    Use: Potion            |       |     3 |       |     2 ||     5
         Scroll            |       |     1 |    15 |     7 ||    23
   Stab: Paralysed         |     2 |       |       |       ||     2
         Sleeping          |       |     4 |     1 |       ||     5
         Confused          |       |       |     2 |     2 ||     4
 Armour: Leather armour    |    29 |    44 |     6 |       ||    79
         Scale mail        |       |       |   126 |       ||   126
         Crystal plate arm |       |       |   137 |   456 ||   593
  Dodge: Dodged            |    47 |    89 |    78 |    26 ||   240
  Block: Buckler           |       |     6 |     4 |       ||    10
         Tower shield      |       |       |   292 |   448 ||   740

Table legend: (Time is in decaauts)
 A = Elapsed time spent in this place.
 B = Non-inter-level travel time spent in this place.
 C = Inter-level travel time spent in this place.
 D = Time resting spent in this place.
 E = Time spent auto-exploring this place.
 F = Levels seen in this place.
 G = Mean time per level.
                   A        B        C        D        E       F      G
               +--------+--------+--------+--------+--------+-----+--------+
         Total |  12646 |  11677 |    969 |    989 |   7793 |  14 |  903.3 |
       Dungeon |  11336 |  10467 |    869 |    798 |   7102 |  12 |  944.7 |
          Lair |   1310 |   1210 |    100 |    191 |    691 |   2 |  655.0 |
               +--------+--------+--------+--------+--------+-----+--------+

Top non-repeatable levels by time:
     D:3: 1416 daAuts
     D:5: 1400 daAuts
     D:2: 1390 daAuts
    D:10: 1217 daAuts
     D:8: 1019 daAuts
  Lair:1: 1012 daAuts
     D:1: 946 daAuts
    D:11: 937 daAuts
     D:6: 857 daAuts
     D:9: 783 daAuts
     D:7: 747 daAuts
     D:4: 618 daAuts
  Lair:2: 298 daAuts
    D:12: 1 daAuts
